 Dungeon Crawl Stone Soup version 0.30.1-11-g7821555f0a (webtiles) character file.

Game seed: 11666086296459180904

10217 groovy9 the Severer (level 11, -4/101 HPs)
             Began as a Hill Orc Berserker on Jan 13, 2024.
             Was a Priest of Trog.
             Hit by a boomerang thrown by an orc warrior (9 damage)
             ... on level 1 of the Orcish Mines.
             The game lasted 00:25:25 (7769 turns).

groovy9 the Severer (Hill Orc Berserker)            Turns: 7769, Time: 00:25:26

Health: -4/101     AC: 16    Str: 25    XL:     11   Next: 58%
Magic:  11/11      EV: 13    Int:  7    God:    Trog [***...]
Gold:   725        SH:  3    Dex: 16    Spells: 10/10 levels left

rFire   . . .        B - +4 hand axe
rCold   . . .        l - +0 buckler
rNeg    . . .        n - +0 scale mail {rPois}
rPois   +            F - +2 hat
rElec   .            j - +0 cloak
rCorr   .            r - +2 pair of gloves
SInv    .            h - +0 pair of boots
Will    ++...        m - amulet of regeneration Stlth
                     o - +6 ring of dexterity
HPRegen 2.16/turn    (no ring)
MPRegen 0.12/turn

%: no passive effects
@: about to teleport, strong-willed (expiring), on berserk cooldown,
regenerating (expiring), slowed, very slow
A: no striking features
a: Renounce Religion, Convert to Beogh, Berserk, Trog's Hand


You were on level 1 of the Orcish Mines.
You worshipped Trog.
Trog was most pleased with you.
You visited 2 branches of the dungeon, and saw 11 of its levels.

You collected 725 gold pieces.

Inventory:

Hand Weapons
 B - a +4 hand axe (weapon)
Armour
 h - a +0 pair of boots (worn)
 j - a +0 cloak (worn)
 l - a +0 buckler (worn)
 n - a +0 scale mail of poison resistance (worn)
 r - a +2 pair of gloves (worn)
 x - a scarf of resistance
 F - a +2 hat (worn)
Jewellery
 m - an amulet of regeneration (around neck)
 o - a +6 ring of dexterity (left hand)
Wands
 a - a wand of acid (8)
 k - a wand of polymorph (15)
 q - a wand of roots (19)
 s - a wand of paralysis (16)
 G - a wand of flame (14)
Scrolls
 d - 2 scrolls of blinking
 e - 6 scrolls of teleportation
 g - 3 scrolls of magic mapping
 i - 2 scrolls of fog
 t - 2 scrolls of immolation
 u - 2 scrolls of fear
 y - a scroll of brand weapon
 z - 2 scrolls of poison
 A - 2 scrolls of enchant weapon
Potions
 b - a potion of resistance
 c - 3 potions of curing
 f - a potion of berserk rage
 p - 2 potions of attraction
 v - a potion of cancellation
 w - a potion of lignification
 C - a potion of mutation
 D - a potion of heal wounds
 H - a potion of haste
Miscellaneous
 E - a tin of tremorstones (2/2)


   Skills:
 + Level 10.3 Fighting
 * Level 15.0 Axes
 + Level 9.1 Armour
 + Level 6.9 Dodging


You had 10 spell levels left.
You didn't know any spells.
Your spell library was empty.

Dungeon Overview and Level Annotations

Branches:
Dungeon (10/15)            Temple (0/1) D:4            Lair (0/5) D:9
    Orc (1/2) D:10

Altars:
Cheibriados
Elyvilon
Fedhas
Kikubaaqudgha
Okawaru
Sif Muna
Vehumet
Zin
Beogh

Shops:
D:7 [


Message History

You are too injured to fight recklessly!
You are too injured to fight recklessly!
You are too injured to fight recklessly!
You are too injured to fight recklessly!
You are too injured to fight recklessly!
You are too injured to fight recklessly!
You are too injured to fight recklessly!
You are too injured to fight recklessly!
You are too injured to fight recklessly!
You are too injured to fight recklessly!
You are too injured to fight recklessly!
You are too injured to fight recklessly!
You are too injured to fight recklessly!
You are too injured to fight recklessly!
You are too injured to fight recklessly!
You are too injured to fight recklessly!
You are too injured to fight recklessly!
You are too injured to fight recklessly!
You are too injured to fight recklessly!
You are too injured to fight recklessly!
You are too injured to fight recklessly!
As you read the scroll of teleportation, it crumbles to dust.
You feel strangely unstable.
The orc warrior hits you from afar with a +0 glaive.
The orc warrior hits you with a +0 flail!
The orc barely misses you.
The orc warrior hits you with a +0 scimitar!
The orc warrior hits you from afar with a +0 trident!!
The orc knight hits you with a +0 bardiche of flaming!!
* * * LOW HITPOINT WARNING * * *
The orc knight burns you!
* * * LOW HITPOINT WARNING * * *
The orc hits you but does no damage.
Blink to where?
Press: ? - help, Dir - move target
As you read the scroll of blinking, it crumbles to dust.
The orc knight roars a battlecry!
The orcs go into a battle-frenzy!
The orc warrior throws a boomerang.
The boomerang hits you!
You die...

...#.oo... ..#....o
## ... ...... .. ..
....o^# #. .
.......# ####.####
..o...### #.....#.#
.
#.#.......#....#..o
.......@...#......
##.........#.....
#...##.......... .
... ###.....oo## ..
. ##....oo..###..$
#.....)oo.......
#....).)o.o$....
......##)ooh.....
..... #.).#......


You could see an orc knight, 4 orc warriors, an orc priest (strong) and 2 orcs.

Vanquished Creatures
  3 two-headed ogres
  Pikel (D:4)
  3 kobold demonologists (D:10)
  Grinder (D:4)
  A shadow (D:10)
  4 wraiths
  A spriggan (D:9)
  7 yaks
  2 steam dragons
  Edmund (D:4)
  A water moccasin (D:6)
  12 orc warriors
  5 sky beasts
  An ice beast (D:5)
  3 black bears
  An ogre (D:10)
  2 centaurs
  4 lemures (D:4)
  2 kobold brigands
  A bullfrog (D:8)
  A gnoll sergeant (D:5)
  A scorpion (D:4)
  5 wights (D:9)
  5 killer bees (D:10)
  3 howler monkeys (D:9)
  2 jellies (D:6)
  2 gnoll boudas (D:5)
  7 orc priests
  7 hounds
  Crazy Yiuf (D:3)
  Terence (D:3)
  2 sleepcaps (D:5)
  2 iguanas
  13 orc wizards
  Ijyb (D:3)
  A mummy (D:4)
  13 adders
  21 gnolls
  A shadow imp (D:6)
  A white imp (D:6)
  3 ufetubi
  2 adder zombies (D:2)
  2 adder skeletons (D:2)
  3 worms
  2 dart slugs
  64 orcs
  4 bats
  5 endoplasms
  4 giant cockroaches
  5 hobgoblins
  7 jackals
  6 quokkas
  5 ball pythons
  2 frilled lizards
  A giant cockroach zombie (D:2)
  6 goblins
  12 kobolds
  2 quokka skeletons (D:2)
  6 rats
  A butterfly (D:4)
288 creatures vanquished.

Vanquished Creatures (others)
  An orc wizard (D:4)
1 creature vanquished.

Grand Total: 289 creatures vanquished

Notes
Turn   | Place    | Note
-------+----------+-------------------------------------------
     0 | D:1      | groovy9 the Hill Orc Berserker began the quest for the Orb.
     0 | D:1      | Reached XP level 1. HP: 19/19 MP: 1/1
   371 | D:1      | Reached XP level 2. HP: 27/27 MP: 2/2
   761 | D:2      | Reached XP level 3. HP: 29/33 MP: 3/3
   945 | D:2      | Reached ** piety under Trog
  1069 | D:2      | Found a radiant altar of Vehumet.
  1208 | D:2      | Reached skill level 5 in Axes
  1244 | D:2      | Reached XP level 4. HP: 32/40 MP: 4/4
  1760 | D:3      | Found a runed translucent door.
  1761 | D:3      | Noticed Crazy Yiuf
  1770 | D:3      | Killed Crazy Yiuf
  1771 | D:3      | Reached XP level 5. HP: 47/47 MP: 5/5
  1816 | D:3      | Noticed Ijyb
  1827 | D:3      | Killed Ijyb
  1922 | D:3      | Found an iron altar of Okawaru.
  1923 | D:3      | Found a snail-covered altar of Cheibriados.
  1924 | D:3      | Found an ancient bone altar of Kikubaaqudgha.
  1924 | D:3      | Found a shimmering blue altar of Sif Muna.
  1969 | D:3      | Reached skill level 6 in Axes
  2277 | D:3      | Noticed Terence
  2294 | D:3      | Killed Terence
  2375 | D:4      | Reached XP level 6. HP: 48/53 MP: 6/6
  2489 | D:4      | Noticed Pikel
  2512 | D:4      | Killed Pikel
  2513 | D:4      | Reached skill level 5 in Fighting
  2513 | D:4      | Reached skill level 7 in Axes
  2513 | D:4      | Reached XP level 7. HP: 46/61 MP: 7/7
  2624 | D:4      | Found a blossoming altar of Fedhas.
  2683 | D:4      | Found a staircase to the Ecumenical Temple.
  2715 | D:4      | Reached skill level 8 in Axes
  2943 | D:4      | Found a white marble altar of Elyvilon.
  2967 | D:4      | Identified the staff of death "Gumai" {rN+ MP+9 Int+2}
  3150 | D:4      | Noticed Edmund
  3165 | D:4      | Reached XP level 8. HP: 70/70 MP: 8/8
  3170 | D:4      | Killed Edmund
  3187 | D:4      | Noticed Grinder
  3201 | D:4      | Reached skill level 5 in Armour
  3201 | D:4      | Paralysed by Grinder for 5 turns
  3222 | D:4      | Paralysed by Grinder for 4 turns
  3232 | D:4      | Killed Grinder
  3233 | D:4      | Reached skill level 9 in Axes
  3419 | D:5      | Entered Level 5 of the Dungeon
  3652 | D:5      | Reached skill level 10 in Axes
  3652 | D:5      | Reached XP level 9. HP: 68/79 MP: 9/9
  4094 | D:5      | Noticed a two-headed ogre
  4132 | D:5      | Killed a two-headed ogre
  4133 | D:5      | Reached skill level 11 in Axes
  4133 | D:5      | Reached skill level 5 in Dodging
  5029 | D:6      | Found a glowing silver altar of Zin.
  5118 | D:7      | Found Heidgh's Antique Armour Boutique.
  5232 | D:7      | Reached skill level 12 in Axes
  5232 | D:7      | Reached XP level 10. HP: 88/88 MP: 10/10
  5751 | D:8      | Noticed a two-headed ogre
  5763 | D:8      | Killed a two-headed ogre
  6294 | D:8      | Reached skill level 13 in Axes
  6570 | D:9      | Found a staircase to the Lair.
  6875 | D:9      | Reached XP level 11. HP: 97/97 MP: 11/11
  6948 | D:10     | Entered Level 10 of the Dungeon
  6999 | D:10     | Reached skill level 14 in Axes
  7138 | D:10     | Noticed a two-headed ogre
  7148 | D:10     | Killed a two-headed ogre
  7270 | D:10     | Found a roughly hewn altar of Beogh.
  7277 | D:10     | Reached skill level 10 in Fighting
  7282 | D:10     | Reached *** piety under Trog
  7487 | D:10     | Found a staircase to the Orcish Mines.
  7731 | Orc:1    | Entered Level 1 of the Orcish Mines
  7742 | Orc:1    | Noticed an orc knight
  7750 | Orc:1    | Reached skill level 15 in Axes
  7764 | Orc:1    | Noticed an orc knight
  7768 | Orc:1    | HP: 2/101 [orc knight/+0 bardiche of flaming (13)]
  7769 | Orc:1    | Hit by a boomerang thrown by an orc warrior

Illustrated notes

Levels and vault maps discovered:
D:1:      grunt_arrival_crossed_arrows, layout_basic
D:2:      layout_loops_corners, basic_altar, serial_undead, serial_undead_e,
          serial_undead_c, serial_undead_d, serial_undead_a
D:3:      layout_basic, mainiacjoe_overflow_alcove_3, uniq_crazy_yiuf_cottage,
          uniq_ijyb, uniq_terence
D:4:      layout_loops_ring, lemuel_doored_altar, elyvilon_altar_5,
          minmay_temple_entry_butterflies, gup_ossuary_entry_pyramid,
          minmay_misc_feat_four_crosses, kennysheep_small_spiral, uniq_edmund,
          uniq_pikel, uniq_grinder
D:5:      minmay_chambers_of_fours, layout_gridville
D:6:      layout_loops_ring, mainiacjoe_overflow_alcove_4, minivault_22
D:7:      layout_gridville, nicolae_stop_n_shop_1, kennysheep_generic_room_9
D:8:      layout_gridville, kennysheep_generic_room_2
D:9:      layout_long_grid, lair_entry_dummy, the_hattery
D:10:     layout_roguey [special_room_orc], hiddenorc1_lemuel
Orc:1:    layout_diamond_mine, serial_shops, shop, basic_altar

Skill      XL: |  1  2  3  4  5  6  7  8  9 10 11 |
---------------+----------------------------------+-----
Fighting       | 4 5 7 8 9 10 | 10.3
Dodging        | 2 3 4 5 6 |  6.9
Axes           | 5 6 7 8 10 12 13 15 | 15.0
Armour         | 3 4 5 7 8 9 |  9.1

Action                     |  1- 3 |  4- 6 |  7- 9 | 10-12 || total
---------------------------+-------+-------+-------+-------++-------
  Melee: Hand axe          |    90 |   175 |   374 |   374 ||  1013
         Punch             |     1 |       |     1 |       ||     2
 Invoke: Berserk           |     1 |     5 |    10 |    11 ||    27
         Trog's Hand       |       |     6 |    10 |    11 ||    27
    Use: Scroll            |     4 |     4 |     5 |     7 ||    20
         Potion            |       |     4 |       |       ||     4
 Armour: Animal skin       |    12 |       |       |       ||    12
         Ring mail         |    15 |    46 |    61 |       ||   122
         Scale mail        |       |     9 |    83 |   141 ||   233
  Dodge: Dodged            |    56 |    81 |   193 |   190 ||   520
  Block: Buckler           |       |       |    14 |    42 ||    56
